 Dungeon Crawl Stone Soup version 0.26-a0-597-gb535b0901c (webtiles) character file.

Game seed: 12414615267012003553

38763 Flugslaktarn the Warrior (level 13, 0/126 HPs)
             Began as a Minotaur Fighter on Sept 13, 2020.
             Was a High Priest of Uskayaw.
             Slain by Jorgrun
             ... wielding an uncursed staff of earth
              (7 damage)
             ... on level 1 of the Orcish Mines.
             The game lasted 00:07:40 (14257 turns).

Flugslaktarn the Warrior (Minotaur Fighter)        Turns: 14257, Time: 00:07:42

Health: 0/126      AC: 11    Str: 24    XL:     13   Next: 65%
Magic:  18/18      EV:  4    Int:  5    God:    Uskayaw [*****.]
Gold:   1071       SH:  0    Dex: 12    Spells: 12/12 levels left

rFire    . . .     SeeInvis .   w - +5 broad axe (vamp)
rCold    + . .     Faith    .   E - +0 kite shield
rNeg     . . .     Spirit   .   u - +0 plate armour
rPois    .         Reflect  .   (helmet restricted)
rElec    .         Harm     .   n - +0 cloak
rCorr    .                      l - +2 pair of gloves
MR       .....                  g - +2 pair of boots
Stlth    ..........             G - amulet of regeneration
HPRegen  0.71/turn              v - +4 ring of evasion
MPRegen  0.16/turn              c - ring of protection from cold

@: about to teleport, petrifying (expiring), grasped by roots, corroded,
constricted, lightly drained, very slow
A: retaliatory headbutt, horns 2
a: Stomp, Line Pass, Grand Finale, Renounce Religion


You were on level 1 of the Orcish Mines.
You worshipped Uskayaw.
Uskayaw was aware of your devotion.
You visited 3 branches of the dungeon, and saw 17 of its levels.

You collected 1071 gold pieces.

Inventory:

Hand Weapons
 a - a +1 war axe
 w - a +5 vampiric broad axe (weapon)
   (You acquired it on level 11 of the Dungeon)
Missiles
 i - a throwing net (quivered)
Armour
 g - a +2 pair of boots (worn)
   (You found it on level 4 of the Dungeon)
 l - a +2 pair of gloves (worn)
   (You found it on level 4 of the Dungeon)
 n - a +0 cloak (worn)
   (You found it on level 4 of the Dungeon)
 u - a +0 plate armour (worn)
   (You took it off an orc warrior on level 6 of the Dungeon)
 E - a +0 kite shield (worn)
Jewellery
 c - a ring of protection from cold (right hand)
   (You found it on level 15 of the Dungeon)
 v - a +4 ring of evasion (left hand)
   (You found it on level 2 of the Dungeon)
 G - an amulet of regeneration (around neck)
   (You found it on level 15 of the Dungeon)
Wands
 b - a wand of enslavement (12)
   (You found it on level 8 of the Dungeon)
 p - a wand of acid (7)
   (You found it on level 13 of the Dungeon)
 s - a wand of iceblast (12)
   (You took it off Maggie on level 7 of the Dungeon)
Scrolls
 d - 2 scrolls of immolation
 k - a scroll of fear
 o - 2 scrolls of holy word
 r - a scroll of identify
 t - a scroll of teleportation
 x - 4 scrolls of remove curse
 y - 2 scrolls of vulnerability
 z - 2 scrolls of fog
 A - 2 scrolls of silence
Potions
 f - 2 potions of brilliance
 h - a potion of haste
 j - 2 potions of mutation
 m - 2 potions of lignification
 B - 3 potions of flight
 C - a potion of resistance
 F - a potion of magic


   Skills:
 * Level 15.1(14.9) Fighting
 * Level 14.8(14.7) Axes
 + Level 11.4(11.3) Armour
 + Level 11.3(11.2) Shields
 + Level 8.8(8.7) Invocations


You had 12 spell levels left.
You didn't know any spells.
Your spell library was empty.

Dungeon Overview and Level Annotations

Branches:
Dungeon (15/15)            Temple (1/1) D:4            Lair (0/6) D:10
    Orc (1/2) D:11         Vaults (0/5) D:14         Depths (0/5) D:15

Altars:
Ashenzari
Cheibriados
Dithmenos
Elyvilon
Fedhas
Hepliaklqana
Kikubaaqudgha
Makhleb
Qazlal
Ru
Sif Muna
Trog
Uskayaw
Vehumet
Xom
The Shining One
Beogh

Shops:
D:8 (

Annotations:
D:7 2 transporters, uristmcdimsum's ghost, novice HOFi
D:9 exclusion: statue
D:10 2 runed translucent doors, exclusion: 2 oklob plants, Guys Xao's ghost, novice DDDe
Orc:1 Jorgrun


Innate Abilities, Weirdness & Mutations

You reflexively headbutt those who attack you in melee.
You have a pair of horns on your head.


Message History

You slash Jorgrun! Your headbutt misses Jorgrun.
Jorgrun is heavily wounded.
Jorgrun hits you with an uncursed staff of earth!
Jorgrun shatters you!
* * * LOW HITPOINT WARNING * * *
The grasping roots constrict you!
An orc comes into view. It is wielding a +0 trident.
Your limbs are stiffening.
You are too injured to fight recklessly!
Unknown command.
As you read the scroll of teleportation, it crumbles to dust.
You feel strangely unstable.
Jorgrun points at you and mumbles some strange words.
The wall shatters!
The blast of rock fragments hits you!!
* * * LOW HITPOINT WARNING * * *
x2 The grasping roots constrict you!
Jorgrun hits you with an uncursed staff of earth!
* * * LOW HITPOINT WARNING * * *
Jorgrun shatters you!
You die...

##.....#
##......### #.
##.........# ...
#.......... #...
#....##...##.$..
###..<.##........
#..)#####.....##
#......##))..).#.
#.....>..@)...o..
####....))g.#.#..
##......##
#$..$...#
###....## ##..##
..## ###


You could see Jorgrun and an orc.

Vanquished Creatures
  A dire elephant (D:15)
  Snorg (D:13)
  A catoblepas (D:13)
  A hydra (D:14)
  4 centaur warriors
  A death knight (D:15)
  A tengu warrior (D:15)
  3 two-headed ogres
  Pikel (D:6)
  A lindwurm (D:14)
  An orc knight (D:11)
  2 deep elf magi
  3 ugly things (D:11)
  2 wolf spiders (D:15)
  An orc sorcerer (Orc:1)
  4 manticores
  8 cyclopes
  Joseph (D:8)
  A guardian serpent (shapeshifter) (D:14)
  A guardian serpent (D:12)
  Maggie (D:7)
  2 rime drakes (D:15)
  A freezing wraith (D:14)
  An efreet (D:15)
  A kobold demonologist (D:11)
  A harpy zombie (D:11)
  A tengu conjurer (D:15)
  7 trolls
  7 slime creatures (D:15)
  4 hippogriffs
  13 yaks
  Sigmund (D:6)
  A tarantella (shapeshifter) (D:15)
  4 wyverns
  6 wraiths
  7 hogs (D:13)
  A hog (shapeshifter) (D:13)
  2 steam dragons
  Menkaure (D:7)
  2 vampire mosquitoes (D:14)
  3 porcupines (D:10)
  Duvessa (D:5)
  13 orc warriors
  4 sky beasts
  An ice beast (D:6)
  2 black bears
  5 eyes of draining
  A phantom (D:14)
  A hornet zombie (D:14)
  3 ogres
  3 lemures (D:6)
  5 centaurs
  A crocodile (D:10)
  2 big kobolds (D:11)
  2 wyvern zombies
  6 bullfrogs
  Dowan (D:5)
  A wyvern skeleton (D:7)
  2 scorpions
  9 killer bees
  12 wights
  A howler monkey (D:7)
  2 bullfrog zombies
  10 orc priests
  4 centaur zombies
  3 jellies
  4 hounds
  2 bullfrog skeletons
  Crazy Yiuf (D:6)
  3 centaur skeletons
  7 iguanas
  13 orc wizards
  8 worker ants
  A hound zombie (D:9)
  A hound skeleton (D:6)
  A worker ant zombie (D:11)
  6 adders
  3 shadow imps
  2 oozes
  An ufetubus (D:9)
  An adder zombie (D:9)
  2 adder skeletons
  3 worms (D:4)
  A dart slug (D:1)
  5 leopard geckos
  70 orcs
  2 bats
  A giant cockroach (D:3)
  5 goblins
  6 hobgoblins
  9 jackals
  11 kobolds
  4 quokkas
  A ball python (D:4)
  3 frilled lizards
  3 quokka skeletons
381 creatures vanquished.

Vanquished Creatures (others)
  Kirke (D:13)
  An orc priest (Orc:1)
  90 plants
92 creatures vanquished.

Grand Total: 473 creatures vanquished

Notes
Turn   | Place    | Note
-------+----------+-------------------------------------------
     0 | D:1      | Flugslaktarn the Minotaur Fighter began the quest for the
                  | Orb.
     0 | D:1      | Reached XP level 1. HP: 19/19 MP: 0/0
    52 | D:1      | Reached XP level 2. HP: 27/27 MP: 1/1
    53 | D:1      | Reached skill level 4 in Fighting
   220 | D:2      | Reached XP level 3. HP: 32/33 MP: 2/2
   665 | D:4      | Noticed an ogre
   668 | D:4      | Killed an ogre
   668 | D:4      | Reached XP level 4. HP: 26/41 MP: 3/3
   684 | D:4      | Reached skill level 5 in Fighting
   684 | D:4      | Reached XP level 5. HP: 33/48 MP: 4/4
   828 | D:4      | Reached XP level 6. HP: 16/56 MP: 5/5
  1313 | D:4      | Reached skill level 5 in Axes
  1337 | D:4      | Found a staircase to the Ecumenical Temple.
  1347 | Temple   | Entered the Ecumenical Temple
  1497 | Temple   | Became a worshipper of Uskayaw the Reveler
  2048 | D:5      | Entered Level 5 of the Dungeon
  2172 | D:5      | Reached * piety under Uskayaw
  2173 | D:5      | Reached ** piety under Uskayaw
  2403 | D:5      | Noticed Duvessa
  2403 | D:5      | Noticed Dowan
  2409 | D:5      | Reached *** piety under Uskayaw
  2410 | D:5      | Killed Duvessa
  2410 | D:5      | Reached skill level 6 in Fighting
  2410 | D:5      | Reached skill level 5 in Armour
  2410 | D:5      | Reached skill level 5 in Shields
  2411 | D:5      | Reached **** piety under Uskayaw
  2414 | D:5      | Killed Dowan
  2414 | D:5      | Reached skill level 1 in Invocations
  2414 | D:5      | Reached XP level 7. HP: 59/64 MP: 6/6
  2726 | D:6      | Reached ***** piety under Uskayaw
  2919 | D:6      | Found a shimmering altar of Xom.
  3014 | D:6      | Reached skill level 7 in Fighting
  3117 | D:6      | Found a shimmering altar of Xom.
  3117 | D:6      | Found a shimmering altar of Xom.
  3118 | D:6      | Found a shimmering altar of Xom.
  3119 | D:6      | Found a shimmering altar of Xom.
  3119 | D:6      | Found a shimmering altar of Xom.
  3120 | D:6      | Found a shimmering altar of Xom.
  3146 | D:6      | Reached XP level 8. HP: 68/73 MP: 8/8
  3168 | D:6      | Noticed Pikel
  3193 | D:6      | Killed Pikel
  3193 | D:6      | Reached skill level 8 in Fighting
  3370 | D:6      | Found a runed translucent door.
  3371 | D:6      | Noticed Crazy Yiuf
  3402 | D:6      | Found a bloodstained altar of Trog.
  3437 | D:6      | Noticed Sigmund
  3443 | D:6      | Killed Sigmund
  3538 | D:6      | Reached XP level 9. HP: 82/82 MP: 10/10
  4085 | D:6      | Killed Crazy Yiuf
  4258 | D:7      | Reached skill level 9 in Fighting
  4395 | D:7      | Noticed Maggie
  4408 | D:7      | Killed Maggie
  4605 | D:7      | Noticed uristmcdimsum's ghost (novice HOFi)
  4615 | D:7      | Found a transporter.
  4623 | D:7      | Found a transporter.
  4761 | D:7      | Found a blossoming altar of Fedhas.
  4811 | D:7      | Noticed Menkaure
  4823 | D:7      | Killed Menkaure
  5142 | D:8      | Found a glowing golden altar of the Shining One.
  5454 | D:8      | Found a shimmering blue altar of Sif Muna.
  5513 | D:8      | Found a hazy altar of Hepliaklqana.
  5533 | D:8      | Noticed Joseph
  5544 | D:8      | Killed Joseph
  5544 | D:8      | Reached skill level 10 in Fighting
  5545 | D:8      | Found Ecaafin's Antique Weapon Boutique.
  5877 | D:9      | Found a radiant altar of Vehumet.
  6040 | D:9      | Reached XP level 10. HP: 93/93 MP: 12/12
  6299 | D:10     | Entered Level 10 of the Dungeon
  6533 | D:10     | Reached skill level 10 in Axes
  6535 | D:10     | Reached skill level 5 in Invocations
  6812 | D:10     | Reached skill level 11 in Fighting
  6837 | D:10     | Found a staircase to the Lair.
  6837 | D:10     | Noticed an oklob plant
  7222 | D:10     | Noticed an oklob plant
  7276 | D:10     | Found a large runed translucent door.
  7280 | D:10     | Found a large runed translucent door.
  7282 | D:10     | Noticed Guys Xao's ghost (novice DDDe)
  7826 | D:10     | Reached XP level 11. HP: 39/102 MP: 14/14
  8373 | D:11     | Noticed a green ugly thing
  8384 | D:11     | Reached ****** piety under Uskayaw
  8385 | D:11     | Killed a green ugly thing
  8603 | D:11     | Noticed a cyan ugly thing
  8614 | D:11     | Killed a cyan ugly thing
  8835 | D:11     | Found a roughly hewn altar of Beogh.
  8837 | D:11     | Found a staircase to the Orcish Mines.
  8871 | D:11     | Identified a scroll of acquirement
  8871 | D:11     | Acquired a +2 vampiric broad axe
  8890 | D:11     | Reached skill level 12 in Fighting
  9149 | D:11     | Noticed a brown ugly thing
  9158 | D:11     | Killed a brown ugly thing
  9473 | D:11     | Noticed an orc knight
  9487 | D:11     | Killed an orc knight
  9971 | D:12     | Noticed a two-headed ogre
  9978 | D:12     | Killed a two-headed ogre
 10371 | D:13     | Noticed a centaur warrior
 10380 | D:13     | Killed a centaur warrior
 10380 | D:13     | Reached skill level 13 in Fighting
 10380 | D:13     | Reached XP level 12. HP: 115/115 MP: 16/16
 10446 | D:13     | Noticed a centaur warrior
 10446 | D:13     | Noticed a centaur warrior
 10455 | D:13     | Killed a centaur warrior
 10459 | D:13     | Killed a centaur warrior
 10459 | D:13     | Reached skill level 10 in Armour
 10665 | D:13     | Noticed a catoblepas
 10677 | D:13     | Reached skill level 10 in Shields
 10685 | D:13     | Killed a catoblepas
 10744 | D:13     | Noticed Snorg
 10755 | D:13     | Killed Snorg
 10830 | D:13     | Noticed Kirke
 10847 | D:13     | Killed Kirke
 11326 | D:14     | Noticed a seven-headed hydra
 11340 | D:14     | Killed a ten-headed hydra
 11340 | D:14     | Reached skill level 14 in Fighting
 11952 | D:14     | Reached XP level 13. HP: 39/124 MP: 18/18
 12242 | D:14     | Found a gate to the Vaults.
 12278 | D:15     | Entered Level 15 of the Dungeon
 13083 | D:15     | Found a white marble altar of Elyvilon.
 13098 | D:15     | Found a staircase to the Depths.
 13098 | D:15     | Noticed a dire elephant
 13327 | D:15     | Killed a dire elephant
 13327 | D:15     | Reached skill level 15 in Fighting
 14191 | Orc:1    | Entered Level 1 of the Orcish Mines
 14243 | Orc:1    | Noticed Jorgrun
 14257 | Orc:1    | Slain by Jorgrun

Illustrated notes

Levels and vault maps discovered:
D:1:      evilmike_arrival_hilbert_curve, layout_basic
D:2:      layout_loops_cross, old_standard_altar,
          nicolae_overflow_crystal_walls, okawaru_gym_becter,
          chequers_ecumenical_altar_grove
D:3:      layout_loops_corners, nemelex_xobeh_ov_fountains_minmay, zin_angel
D:4:      layout_loops_cross, minmay_temple_entry_statues
D:5:      layout_basic, uniq_duvessa
D:6:      minmay_angry_zag, layout_gridville, lemuel_round_altar,
          xom_redecorated, uniq_pikel, uniq_crazy_yiuf_cottage, uniq_sigmund
D:7:      cheibrodos_helix_gallery, layout_basic, gammafunk_ghost_hive,
          basic_altar, minmay_diced_spiral, uniq_menkaure, uniq_maggie
D:8:      layout_basic, lemuel_round_altar, kennysheep_little_box,
          lemuel_blue_sif_altar, serial_shops, shop, uniq_joseph
D:9:      layout_roguey, vehumet_statue, kennysheep_nub, bh_walls_and_bars
D:10:     wad_woods_settlement, layout_irregular_city, dpeg_oklobed_lair,
          ebering_ghost_disaster_area
D:11:     cheibrodos_orc_bank, layout_long_grid, david_orc_5
D:12:     layout_long_grid, nrook_guardian_serpent_double
D:13:     layout_roguey, uniq_snorg, uniq_kirke
D:14:     layout_loops_ring, david_vaults_4, serial_bayou_ford_a
D:15:     hangedman_depths_entry_try_elsewhere_first, layout_rooms,
          portal_ice_cave_rime, elyvilon_altar_5, grunt_tough_drop
Temple:   minmay_temple_curvy_loop
Orc:1:    layout_diamond_mine, uniq_jorgrun

Skill      XL: |  1  2  3  4  5  6  7  8  9 10 11 12 13 |
---------------+----------------------------------------+-----
Fighting       | 4 5 6 7 8 10 11 13 14 15 | 15.1
Axes           | 3 4 5 6 8 9 11 12 13 14 | 14.8
Armour         | 4 5 6 7 8 9 10 11 | 11.4
Shields        | 4 5 6 7 8 9 10 11 | 11.3
Invocations    | 1 2 3 4 5 7 8 |  8.8

Action                   |  1- 3 |  4- 6 |  7- 9 | 10-12 | 13-15 || total
-------------------------+-------+-------+-------+-------+-------++-------
Melee: War axe           |    58 |    92 |   212 |   238 |       ||   600
       Headbutt          |     4 |     8 |    36 |   126 |    48 ||   222
       Broad axe         |       |       |       |   299 |   213 ||   512
Evoke: Wand              |       |       |       |     2 |     1 ||     3
  Use: Scroll            |       |     4 |     2 |    17 |    12 ||    35
       Potion            |       |       |     2 |     4 |     1 ||     7
 Stab: Paralysed         |       |     2 |    19 |    65 |    23 ||   109
       Petrified         |       |       |       |     3 |       ||     3
       Confused          |       |       |       |       |     1 ||     1
Armor: Scale mail        |    29 |    27 |       |       |       ||    56
       Chain mail        |       |    14 |    21 |       |       ||    35
       Plate armour      |       |       |   107 |   253 |   122 ||   482
Dodge: Dodged            |    25 |    30 |    75 |   158 |    81 ||   369
Block: Kite shield       |    27 |    29 |   141 |   278 |   118 ||   593

Table legend: (Time is in decaauts)
 A = Elapsed time spent in this place.
 B = Non-inter-level travel time spent in this place.
 C = Inter-level travel time spent in this place.
 D = Time resting spent in this place.
 E = Time spent auto-exploring this place.
 F = Levels seen in this place.
 G = Mean time per level.
                   A        B        C        D        E       F      G
               +--------+--------+--------+--------+--------+-----+--------+
         Total |  14355 |  13755 |    600 |   1202 |  10270 |  17 |  844.4 |
       Dungeon |  14122 |  13592 |    530 |   1202 |  10144 |  15 |  941.5 |
        Temple |    185 |    116 |     69 |      0 |    114 |   1 |  185.0 |
  Orcish Mines |     46 |     46 |      0 |      0 |     12 |   1 |   46.0 |
               +--------+--------+--------+--------+--------+-----+--------+

Top non-repeatable levels by time:
    D:11: 1707 daAuts
    D:10: 1676 daAuts
    D:14: 1536 daAuts
     D:6: 1446 daAuts
    D:15: 1365 daAuts
     D:4: 1246 daAuts
     D:7: 997 daAuts
    D:13: 874 daAuts
     D:9: 842 daAuts
     D:5: 669 daAuts
     D:8: 581 daAuts
    D:12: 513 daAuts
     D:3: 381 daAuts
  Temple: 185 daAuts
     D:2: 143 daAuts
